 Dungeon Crawl Stone Soup version 0.25-a0-253-g6f1b5d974a (webtiles) character file.

Game seed: 735888902050214097, levelgen mode: classic

22784 Borgoz the Slicer (level 13, -11/88 HPs)
             Began as a Halfling Gladiator on Dec 5, 2019.
             Was a High Priest of Dithmenos.
             Killed from afar by Azrael (40 damage)
             ... with damnation
             ... on level 13 of the Dungeon.
             The game lasted 00:27:25 (12636 turns).

Borgoz the Slicer (Halfling Gladiator)             Turns: 12636, Time: 00:27:26

Health: -11/88     AC: 16    Str: 25    XL:     13   Next: 30%
Magic:  16/16      EV: 22    Int:  6    God:    Dithmenos [*****.]
Gold:   1016       SH:  0    Dex: 17    Spells: 12/12 levels left

rFire    + . .     SeeInvis .   m - +11 dagger of Qazlal's Whim {pierce, rF+ rC- Str+2}
rCold    x . .     Gourm    .   (shield restricted)
rNeg     . . .     Faith    .   a - +2 scale mail "Fuent" {Str+4}
rPois    .         Spirit   .   n - +1 hat
rElec    .         Reflect  .   C - scarf {cloud immunity}
rCorr    .         Harm     +   (no gloves)
MR       +....                  D - +1 pair of boots
Stlth    +++.......             B - amulet of harm
HPRegen  0.24/turn              K - ring of protection from magic
MPRegen  0.15/turn              w - +3 ring of protection

@: wreathed by umbra
A: small, mutation resistance 1
a: Shadow Step, Shadow Form, Renounce Religion


You were on level 13 of the Dungeon.
You worshipped Dithmenos.
Dithmenos was extremely pleased with you.
You were hungry.

You visited 3 branches of the dungeon, and saw 16 of its levels.

You collected 1016 gold pieces.

Inventory:

Hand Weapons
 m - the +11 dagger of Qazlal's Whim (weapon) {pierce, rF+ rC- Str+2}
   (You found it on level 6 of the Dungeon)

   It inflicts extra damage upon your enemies.
   It affects your strength (+2).
   It protects you from fire.
   It makes you vulnerable to cold.
 o - a +0 rapier
 E - the +8 rapier "Qear" {freeze, +Blink rPois rC- MR++}
   (You found it on level 8 of the Dungeon)

   It has been specially enchanted to freeze those struck by it, causing extra
   injury to most foes and up to half again as much damage against particularly
   susceptible opponents.
   It can also slow down cold-blooded creatures.
   It makes you vulnerable to cold.
   It protects you from poison.
   It affects your resistance to hostile enchantments.
   It lets you blink.
Missiles
 d - 4 throwing nets (quivered)
Armour
 a - the +2 scale mail "Fuent" (worn) {Str+4}
   (You found it on level 6 of the Dungeon)

   It affects your strength (+4).
 n - a +1 hat (worn)
 t - a +0 leather armour of poison resistance
 C - a scarf of cloud immunity (worn)
 D - a +1 pair of boots (worn)
Jewellery
 w - a +3 ring of protection (right hand)
 B - an amulet of harm (around neck)
 F - an uncursed amulet of the gourmand
 J - an uncursed ring of positive energy
 K - a ring of protection from magic (left hand)
 L - an uncursed ring of flight
Wands
 e - a wand of clouds (7)
 G - a wand of paralysis (13)
 H - a wand of acid (1)
Scrolls
 c - 2 scrolls of remove curse
 j - 2 scrolls of enchant weapon
 q - a scroll of fog
 u - 9 scrolls of teleportation
 y - 3 scrolls of magic mapping
 A - a scroll of enchant armour
 I - 2 scrolls of fear
Potions
 b - 2 potions of might
 g - 3 potions of lignification
 h - 2 potions of mutation
 i - 3 potions of brilliance
 k - 2 potions of cancellation
 l - 2 potions of flight
 p - a potion of agility
 s - 5 potions of curing
 v - 2 potions of heal wounds
 x - 2 potions of magic
 z - a potion of haste
 M - a potion of resistance
Comestibles
 f - 23 rations


   Skills:
 + Level 7.8 Fighting
 * Level 13.8 Short Blades
 - Level 2.0 Throwing
 + Level 9.0 Armour
 * Level 12.8 Dodging
 - Level 6.1 Stealth
 + Level 5.2 Evocations


You had 12 spell levels left.
You didn't know any spells.
Your spell library contained the following spells:

 Spells                   Type           Power        Failure   Level  Hunger
 Foxfire                  Conj/Fire      #...         71%         1    ##.....
 Sting                    Tmut/Pois      #...         71%         1    ##.....
 Poisonous Vapours        Pois/Air       #.....       83%         2    ###....
 Shroud of Golubria       Chrm/Tloc      #.....       83%         2    ###....
 Conjure Flame            Conj/Fire      #.......     97%         3    ####...
 Ignite Poison            Fire/Tmut/Pois #.......     97%         3    ####...
 Inner Flame              Hex/Fire       #.......     97%         3    ####...
 Mephitic Cloud           Conj/Pois/Air  #.......     97%         3    ####...
 Leda's Liquefaction      Hex/Erth       #.........   100%        4    #####..
 Olgreb's Toxic Radiance  Pois           #.......     100%        4    #####..
 Sticky Flame             Conj/Fire      #.......     100%        4    #####..
 Fireball                 Conj/Fire      #.........   100%        5    ######.
 Irradiate                Conj/Tmut      #.........   100%        5    ######.
 Deflect Missiles         Chrm/Air       #.........   100%        6    #######
 Freezing Cloud           Conj/Ice/Air   #.........   100%        6    #######
 Iron Shot                Conj/Erth      #.........   100%        6    #######
 Ring of Flames           Chrm/Fire      #.........   100%        7    #######


Dungeon Overview and Level Annotations

Branches:
Dungeon (13/15)            Temple (1/1) D:4            Lair (2/6) D:10
    Orc (0/2) D:12
  Swamp: Lair:2-4    Shoals: Lair:2-4     Snake: Lair:2-4    Spider: Lair:2-4
 Vaults: D:13-14

Altars:
Ashenzari
Cheibriados
Dithmenos
Elyvilon
Fedhas
Gozag
Hepliaklqana
Kikubaaqudgha
Makhleb
Nemelex Xobeh
Okawaru
Qazlal
Ru
Sif Muna
Trog
Uskayaw
Vehumet
Wu Jian
Xom
Yredelemnul
Zin
The Shining One

Portals:
Trove: D:12 (give +2 gold dragon scales)

Annotations:
D:13 Azrael
Lair:2 Sonja


Innate Abilities, Weirdness & Mutations

You are small and have problems with some larger weapons.
You are somewhat resistant to further mutation.


Message History

Azrael completely misses you.
You hit Azrael.
Azrael is lightly wounded.
You puncture Azrael!
Azrael is moderately wounded.
Azrael gestures at you. The sticky flame misses you.
You barely miss Azrael.
Azrael is moderately wounded.
You hit Azrael.
Azrael is moderately wounded.
Your shadow hits Azrael but does no damage.
Azrael hits you with a +3 scimitar of flaming.
You hit Azrael.
Azrael is moderately wounded.
You closely miss Azrael.
Azrael is moderately wounded.
Azrael gestures at you.
The sphere of damnation explodes!
The damnation engulfs you!!
You die...

###.#.# ##.#....#
.......###..#.##.#
...........##.##.#
............#.##.#
......#..##......#
......§§§.....##..
..!..##§§§......##
.>.. #§§§#....#..
### #@###.##....
#R# .# .#. §E# .
#○## .. .## #


You could see Azrael and a fire elemental.

Vanquished Creatures
  A hydra (D:9)
  2 two-headed ogres
  3 skeletal warriors (D:11)
  5 ugly things
  3 deep elf magi (D:10)
  A cyclops (D:12)
  3 spiny frogs (Lair:1)
  A gargoyle (D:10)
  2 komodo dragons
  A guardian mummy (D:12)
  3 polar bears (Lair:2)
  2 hornets
  4 trolls
  Prince Ribbit (D:6)
  2 dream sheep (D:9)
  2 hippogriffs
  A wraith (D:12)
  8 yaks (D:9)
  A vampire (D:12)
  A wyvern (D:8)
  3 shadows
  A fire elemental (D:13)
  A hungry ghost (D:3)
  2 wargs (D:12)
  A soldier ant (D:11)
  3 water moccasins
  3 hell hounds (D:13)
  2 porcupines (Lair:1)
  3 ice beasts
  4 sky beasts
  An orc warrior (D:11)
  8 black bears
  6 ogres
  A phantom (D:7)
  15 centaurs
  A crocodile (Lair:1)
  5 big kobolds
  9 bullfrogs
  A wyvern zombie (D:11)
  A water moccasin zombie (D:2)
  2 scorpions
  8 wights
  11 killer bees
  3 howler monkeys
  4 crimson imps
  A bullfrog zombie (D:8)
  3 centaur zombies
  2 quasits
  7 hounds
  5 bullfrog skeletons
  3 jellies
  4 orc priests
  10 orc wizards
  3 centaur skeletons
  Natasha (thrice) (D:2)
  2 iguanas (D:10)
  11 worker ants
  A killer bee zombie (D:10)
  3 hound zombies
  2 howler monkey zombies
  A worker ant zombie (D:11)
  3 gnolls (D:8)
  15 adders
  A shadow imp (D:12)
  3 oozes
  3 adder zombies
  A dart slug (D:2)
  3 worms
  5 leopard geckos
  38 orcs
  A ball python (D:3)
  13 bats
  6 giant cockroaches
  9 goblins
  13 hobgoblins
  3 quokkas
  A frilled lizard (D:3)
  14 kobolds
  6 rats
  A plant (D:10)
346 creatures vanquished.

Notes
Turn   | Place    | Note
-------+----------+-------------------------------------------
     0 | D:1      | Borgoz the Halfling Gladiator began the quest for the Orb.
     0 | D:1      | Reached XP level 1. HP: 14/14 MP: 1/1
    31 | D:1      | Reached XP level 2. HP: 12/19 MP: 2/2
   383 | D:2      | Reached skill level 4 in Short Blades
   553 | D:1      | Reached XP level 3. HP: 23/24 MP: 3/3
   571 | D:1      | Reached skill level 1 in Armour
  1090 | D:2      | Reached XP level 4. HP: 26/29 MP: 4/4
  1182 | D:2      | Reached XP level 5. HP: 35/35 MP: 5/5
  1419 | D:2      | Reached skill level 5 in Short Blades
  1742 | D:2      | Noticed Natasha
  1752 | D:2      | Killed Natasha
  1892 | D:3      | Reached XP level 6. HP: 28/41 MP: 6/6
  2146 | D:3      | Noticed a hungry ghost
  2180 | D:3      | Killed a hungry ghost
  2180 | D:3      | Reached skill level 5 in Dodging
  2437 | D:3      | Found a faded altar of an unknown god.
  2494 | D:3      | Noticed a sky beast
  2507 | D:3      | Killed a sky beast
  2507 | D:3      | Reached skill level 6 in Short Blades
  2507 | D:3      | Reached XP level 7. HP: 39/46 MP: 7/7
  2603 | D:2      | Noticed Natasha
  2609 | D:2      | Killed Natasha
  2793 | D:2      | Noticed Natasha
  2804 | D:2      | Killed Natasha
  3177 | D:4      | Found a stormy altar of Qazlal.
  3622 | D:4      | Found a staircase to the Ecumenical Temple.
  3632 | Temple   | Entered the Ecumenical Temple
  3943 | Temple   | Became a worshipper of Dithmenos the Shadowed
  4001 | D:5      | Entered Level 5 of the Dungeon
  4024 | D:5      | Reached XP level 8. HP: 51/52 MP: 8/8
  4167 | D:5      | Reached skill level 1 in Stealth
  4271 | D:5      | Reached skill level 7 in Short Blades
  4381 | D:5      | Found an ornate altar of the Wu Jian Council.
  4650 | D:5      | Found a white marble altar of Elyvilon.
  4650 | D:5      | Found a faded altar of an unknown god.
  4660 | D:5      | Found a faded altar of an unknown god.
  4662 | D:5      | Found a hide-covered altar of Uskayaw.
  4664 | D:5      | Found a glowing golden altar of the Shining One.
  4905 | D:6      | Got a faintly glowing dagger
  4906 | D:6      | Identified the +11 dagger of Qazlal's Whim {pierce, rF+ rC-
                  | Str+2} (You found it on level 6 of the Dungeon)
  4934 | D:6      | Reached * piety under Dithmenos
  4962 | D:6      | Got a bloodstained hat
  4973 | D:6      | Identified the cursed -5 hat of the Game of Kings {rF-
                  | Dex+3 SInv} (You found it on level 6 of the Dungeon)
  5159 | D:6      | Noticed Prince Ribbit
  5166 | D:6      | Killed Prince Ribbit
  5166 | D:6      | Reached skill level 8 in Short Blades
  5166 | D:6      | Reached XP level 9. HP: 58/58 MP: 9/9
  5320 | D:6      | Got an aquamarine-encrusted scale mail
  5331 | D:6      | Identified the +2 scale mail "Fuent" {Str+4} (You found it
                  | on level 6 of the Dungeon)
  5747 | D:7      | Noticed a hornet
  5751 | D:7      | Paralysed by a hornet for 1 turns
  5762 | D:7      | Killed a hornet
  6036 | D:7      | Reached skill level 9 in Short Blades
  6038 | D:7      | Reached skill level 5 in Armour
  6228 | D:8      | Reached ** piety under Dithmenos
  6368 | D:8      | Got a dazzling rapier
  6369 | D:8      | Identified the +8 rapier "Qear" {freeze, +Blink rPois rC-
                  | MR++} (You found it on level 8 of the Dungeon)
  6440 | D:8      | Reached XP level 10. HP: 65/65 MP: 10/10
  6554 | D:8      | Reached skill level 5 in Fighting
  7041 | D:8      | Noticed a two-headed ogre
  7044 | D:8      | Killed a two-headed ogre
  7044 | D:8      | Reached skill level 10 in Short Blades
  7044 | D:8      | Reached skill level 5 in Stealth
  7329 | D:9      | Noticed a two-headed ogre
  7336 | D:9      | Killed a two-headed ogre
  7459 | D:9      | Reached XP level 11. HP: 67/72 MP: 11/11
  7461 | D:9      | Reached skill level 10 in Dodging
  7471 | D:9      | Reached *** piety under Dithmenos
  7471 | D:9      | Reached skill level 11 in Short Blades
  7953 | D:9      | Reached skill level 1 in Evocations
  8297 | D:9      | Noticed a two-headed hydra
  8303 | D:9      | Killed a two-headed hydra
  8414 | D:10     | Entered Level 10 of the Dungeon
  8932 | D:10     | Noticed a wizard
  8933 | D:10     | Noticed a deep elf mage
  8936 | D:10     | Noticed a deep elf mage
  8939 | D:10     | Killed a deep elf mage
  8939 | D:10     | Reached **** piety under Dithmenos
  8947 | D:10     | Noticed a deep elf mage
  8953 | D:10     | Killed a deep elf mage
  8953 | D:10     | Reached skill level 12 in Short Blades
  8964 | D:10     | Killed a deep elf mage
  8969 | D:10     | Identified the Papyrus of Dhcmrlchtdj
  8976 | D:10     | Identified the Handbook of Plaster Cramp
  9005 | D:10     | Identified the Catalogue of Combed Thunderclap
  9048 | D:10     | Found a staircase to the Lair.
  9343 | Lair:1   | Entered Level 1 of the Lair of Beasts
  9391 | Lair:1   | Reached XP level 12. HP: 80/80 MP: 14/14
 10248 | Lair:2   | Noticed Sonja
 10943 | D:11     | Found an opulent altar of Gozag.
 10949 | D:11     | Reached skill level 13 in Short Blades
 10984 | D:11     | Reached ***** piety under Dithmenos
 11239 | D:11     | Noticed a skeletal warrior
 11241 | D:11     | Noticed a skeletal warrior
 11250 | D:11     | Killed a skeletal warrior
 11261 | D:11     | Killed a skeletal warrior
 11397 | D:11     | Noticed a skeletal warrior
 11408 | D:11     | Killed a skeletal warrior
 11592 | D:12     | Reached XP level 13. HP: 78/86 MP: 16/16
 11768 | D:12     | Found a staircase to the Orcish Mines.
 11917 | D:12     | Reached skill level 5 in Evocations
 12228 | D:12     | Found a portal to a secret trove of treasure.
 12601 | D:13     | Noticed Azrael
 12636 | D:13     | Killed from afar by Azrael

Levels and vault maps discovered:
D:1:      dpeg_chamrin_arrival_tetris, layout_rooms, minmay_misc_feat_rows
D:2:      layout_rooms, uniq_natasha
D:3:      layout_rooms, chequers_ecumenical_altar_lobes, first_ration,
          minmay_cupped
D:4:      layout_cave_pools, kennysheep_mini_moat, temple_hall, chequers_avenue,
          guppyfry_early_lair_pool
D:5:      layout_rooms, chequers_temple_overflow_minitemple, basic_altar
D:6:      layout_basic, serial_glass, glass_columns_b, glass_columns_a,
          glass_columns_a, glass_columns_b, glass_columns_a, glass_columns_c,
          glass_columns_a, glass_columns_a, uniq_prince_ribbit1
D:7:      layout_basic, chequers_serial_rivers_small_b,
          minmay_misc_feat_secret_circle, due_unseen_surprise
D:8:      layout_loops_corners
D:9:      layout_irregular_city, hangedman_ranch [blue_anna_fruit_fields],
          kennysheep_decorative_pillar
D:10:     layout_rooms, dpeg_oklobed_lair, bh_hangedman_babel_library
D:11:     layout_basic, nicolae_gozag_seed_capital
D:12:     layout_long_grid, erik_orc_4, nicolae_trove_entry_path_of_doom,
          serial_bayou_pond_b
D:13:     layout_rooms, lightli_vaults_fourway_checkpoint, uniq_jorgrun,
          uniq_rupert, uniq_josephine, uniq_azrael
Temple:   hc_temple_tempest_star
Lair:1:   layout_loops_ring, serial_bayou_crossing
Lair:2:   beast_lair_carwin_large_1, layout_regular_city, serial_bayou_shore_b,
          uniq_sonja

Skill      XL: |  1  2  3  4  5  6  7  8  9 10 11 12 13 |
---------------+----------------------------------------+-----
Short Blades   | 4 5 6 8 9 10 12 13 | 13.8
Fighting       | 2 3 4 5 6 7 |  7.8
Armour         | 1 2 3 4 5 6 7 8 9 |  9.0
Dodging        | 4 5 6 7 8 9 11 12 | 12.8
Stealth        | 2 4 5 6 |  6.1
Evocations     | 2 4 5 |  5.2
Throwing       | |  2.0

Action                   |  1- 3 |  4- 6 |  7- 9 | 10-12 | 13-15 || total
-------------------------+-------+-------+-------+-------+-------++-------
Melee: Rapier            |    44 |   116 |     4 |   449 |   117 ||   730
       Dagger            |    77 |    83 |   346 |       |    24 ||   530
Evoke: Wand              |       |     2 |       |     7 |       ||     9
  Use: Scroll            |     2 |     3 |     8 |    11 |     3 ||    27
       Potion            |       |       |     3 |     2 |     1 ||     6
 Stab: Sleeping          |     1 |     3 |     4 |    13 |     5 ||    26
       Distracted        |       |       |     1 |       |       ||     1
       Invisible         |       |       |     1 |       |       ||     1
  Eat: Chunk             |     1 |     8 |    12 |    16 |     3 ||    40
Armor: Leather armour    |    32 |    34 |    29 |       |       ||    95
       Scale mail        |       |       |     9 |    87 |    28 ||   124
       Skin              |       |       |     3 |       |       ||     3
Dodge: Dodged            |   116 |   171 |   199 |   363 |   138 ||   987

Table legend:
 A = Non-vault XP
 B = Vault XP
 C = Vault XP percentage of total XP
 D = Non-vault monster count
 E = Vault monster count
 F = Vault count percentage of total count
                 A         B        C        D         E       F
            +---------+---------+-------+---------+---------+-------
      Total |   24171 |    8378 |  25.7 |     295 |      50 |  14.5
            +---------+---------+-------+---------+---------+-------
        D:1 |      41 |       0 |   0.0 |      20 |       0 |   0.0
        D:2 |     244 |      36 |  12.9 |      32 |       1 |   3.0
        D:3 |     378 |       6 |   1.6 |      20 |       3 |  13.0
        D:4 |     303 |       0 |   0.0 |      19 |       0 |   0.0
        D:5 |     483 |       0 |   0.0 |      15 |       0 |   0.0
        D:6 |     642 |     274 |  29.9 |      12 |       1 |   7.7
        D:7 |     998 |       0 |   0.0 |      16 |       0 |   0.0
        D:8 |    2032 |       0 |   0.0 |      19 |       0 |   0.0
        D:9 |    3760 |    2177 |  36.7 |      33 |       8 |  19.5
       D:10 |    2198 |    1710 |  43.8 |      34 |       3 |   8.1
       D:11 |    7371 |       0 |   0.0 |      41 |       0 |   0.0
       D:12 |    3355 |    1793 |  34.8 |      24 |      20 |  45.5
       D:13 |       0 |     629 | 100.0 |       0 |       4 | 100.0
     Lair:1 |    2366 |       0 |   0.0 |      10 |       0 |   0.0
     Lair:2 |       0 |    1753 | 100.0 |       0 |      10 | 100.0
            +---------+---------+-------+---------+---------+-------
